Map: Stasis LE

Players

Yocto

  • Race: Zerg Zerg
  • Spawn Location: 11:00

Centurion - Winner!

  • Race: Zerg Zerg
  • League: Gold
  • Spawn Location: 1:00

VOD

Have the link to the VOD?

Description

Time

  • Played on: Dec. 16, 2018, 11:13 a.m.
  • Length: 3:14
Show
View Real Time Build Order
Export as new Build Order

Yocto Zerg 

Build Orders: Pool Only 

Get SALT Encoding   

  12  0:23  Spawning Pool  
  11  0:32  Drone x3  
  14  0:45  Overlord  
  14  1:10  Zergling x4  
  16  1:16  Zergling x2  
  17  1:27  Zergling x2  
  19  1:40  Zergling x2  
  19  2:07  Zergling x2  
  19  2:08  Zergling x2  
  20  2:17  Zergling x2  
  21  2:31  Zergling x2  
  22  2:44  Overlord  
Show
View Real Time Build Order
Export as new Build Order

Centurion Zerg - Winner!

Build Orders: 1 Base Baneling Bust, Pool Only 

Get SALT Encoding   

  12  0:04  Drone  
  13  0:08  Drone  
  14  0:26  Spawning Pool  
  13  0:31  Extractor  
  13  0:32  Drone  
  13  0:36  Drone  
  14  0:51  Overlord  
  14  1:13  Zergling x6  
  14  1:14  Queen  
  19  1:25  Zergling x2  
  20  1:35  Metabolic Boost  
  20  1:38  Overlord  
  20  1:49  Zergling x2  
  20  1:59  Zergling x2  
  20  2:03  Spine Crawler  
  18  2:11  Spine Crawler  
  16  2:21  Zergling x4  
  18  2:33  Zergling x4  
  20  2:46  Drone x2  
  22  2:59  Baneling Nest  
Tags
 
League
Gold
Matchup
ZvZ
Race
Zerg
Replay Pack
Yocto
Spawn Locations
Close Positions
Add a new tag
Caveats
  • Supply blocks, unpowered buildings, or Contaminate may cause inaccurate times.
  • Supply counts are checked every 10 seconds.